 Dungeon Crawl Stone Soup version 0.31-a0-188-g5e087ee2ca (webtiles) character file.

Game seed: 16965826512784034674

44 qw the Shooter (level 3, -5/20 HPs)
             Began as a Deep Elf Hunter on June 23, 2023.
             Slain by a hobgoblin (6 damage)
             ... led by Robin
             ... on level 2 of the Dungeon.
             The game lasted 00:00:17 (588 turns).

qw the Shooter (Deep Elf Hunter)                     Turns: 588, Time: 00:00:17

Health: -5/20      AC:  5    Str: 10    XL:     3   Next: 41%
Magic:  5/5        EV: 11    Int: 13    God:
Gold:   33         SH:  0    Dex: 18    Spells: 2/2 levels left

rFire   . . .        Y - +0 shortbow
rCold   . . .        (shield currently unavailable)
rNeg    . . .        g - +0 ring mail
rPois   .            (no helmet)
rElec   .            (no cloak)
rCorr   .            (no gloves)
SInv    .            (no boots)
Will    .....        (no amulet)
Stlth   +            (no ring)
HPRegen 0.23/turn    (no ring)
MPRegen 0.09/turn

%: no passive effects
@: no status effects
A: no striking features
a: no special abilities


You were on level 2 of the Dungeon.
You visited 1 branch of the dungeon, and saw 2 of its levels.

You collected 33 gold pieces.


   Skills:
 - Level 1.5 Fighting
 + Level 7.0 Ranged Weapons
 - Level 2.4 Dodging
 - Level 1.2 Stealth


You had 2 spell levels left.
You didn't know any spells.
Your spell library was empty.

Inventory:

Hand Weapons
 Y - a +0 shortbow (weapon)
Armour
 g - a +0 ring mail (worn)
Jewellery
 c - a ring of resist corrosion
Scrolls
 a - a scroll of noise {unknown}
 b - a scroll of identify
Potions
 d - a potion of attraction {unknown}
 h - a potion of enlightenment
 i - a potion of mutation {unknown}
 j - a potion of degeneration {unknown}

Dungeon Overview and Level Annotations

Branches:
Dungeon (2/15)

Altars:

Annotations:
D:2 Robin


Message History

Robin throws the goblin at you!
A goblin comes into view. It is wielding a +0 club.
The goblin hits you but does no damage. The goblin hits you with a +0 club.
You shoot an arrow. The goblin shouts!
The arrow hits the goblin.
You kill the goblin!
The goblin barely misses you. Robin throws the goblin at you!
You shoot an arrow. The arrow hits the goblin.
The goblin is moderately wounded.
The goblin closely misses you. Robin throws the goblin at you!
The goblin hits you with a +0 club. The goblin misses you.
A hobgoblin comes into view.
The goblin closely misses you.
You shoot an arrow.
The arrow hits the goblin but does no damage.
The goblin is moderately wounded.
The goblin closely misses you. The goblin barely misses you.
The goblin hits you but does no damage. x2
Robin roars a battlecry!
The goblins go into a battle-frenzy!
You shoot an arrow. The arrow barely misses the goblin.
The goblin hits you with a +0 club. The goblin barely misses you.
The goblin hits you but does no damage. The goblin misses you.
You shoot an arrow. The arrow hits the goblin.
You kill the goblin!
The goblin closely misses you. The goblin barely misses you. x4
The goblin hits you but does no damage. x2
You shoot an arrow. The arrow hits the goblin.
You kill the goblin!
The goblin hits you with a +0 club. Robin throws the goblin at you!
The goblin hits you but does no damage.
Your Ranged Weapons skill increases to level 7!
You shoot an arrow. The arrow hits the goblin!
You kill the goblin!
The goblin hits you but does no damage. x2
You shoot an arrow.
The arrow hits the hobgoblin but does no damage.
The goblin hits you with a +0 club. The hobgoblin hits you. x2
You die...

#...# #...#
#...# ..
.######...###.#
...............
......g........
#...).ggg......
#@g.# ###...##
#......#
#.#....#
#.#....#
###.#....# #.
#........# ###.
#.####..##
....#####.##
..#


You could see Robin, 2 hobgoblins and 2 goblins.

Vanquished Creatures
  An adder (D:2)
  A dart slug (D:2)
  2 ball pythons (D:1)
  2 bats (D:1)
  3 endoplasms (D:1)
  9 goblins
  2 hobgoblins
  3 jackals (D:1)
  A quokka (D:1)
  4 frilled lizards (D:1)
28 creatures vanquished.

Notes
Turn   | Place    | Note
-------+----------+-------------------------------------------
     0 | D:1      | qw the Deep Elf Hunter began the quest for the Orb.
     0 | D:1      | Reached XP level 1. HP: 12/12 MP: 3/3
     0 | D:1      | 0 ||| qw: Version: 0.3-a-9-g12657ce
     0 | D:1      | 0 ||| qw: Game counter: 4261
     0 | D:1      | 0 ||| qw: Always use a shield: true
     0 | D:1      | 0 ||| qw: God list: Okawaru
     0 | D:1      | 0 ||| qw: Allow faded altars: false
     0 | D:1      | 0 ||| qw: Do Orc after D:15 true
     0 | D:1      | 0 ||| qw: Do second Lair branch before Depths: true
     0 | D:1      | 0 ||| qw: Lair rune preference: random
     0 | D:1      | 0 ||| qw: Plans: Normal
     0 | D:1      | 0 ||| PLANNING D:1-11
   143 | D:1      | Reached skill level 6 in Ranged Weapons
   143 | D:1      | Reached XP level 2. HP: 16/16 MP: 4/4
   250 | D:1      | Found a faded altar of an unknown god.
   473 | D:1      | 473 ||| UPGRADING to +0 ring mail.
   483 | D:1      | 483 ||| DROPPING +0 leather armour.
   484 | D:1      | 484 ||| DROPPING amulet of magic regeneration.
   485 | D:1      | 485 ||| READING scroll labelled NECVANGOZXU.
   486 | D:1      | 486 ||| READING scroll labelled PYCVUG IPPIA.
   487 | D:1      | 487 ||| DRINKING 2 glowing purple potions.
   488 | D:1      | 488 ||| DROPPING scroll of butterflies.
   540 | D:2      | Reached XP level 3. HP: 20/20 MP: 5/5
   578 | D:2      | Noticed Robin
   586 | D:2      | HP: 4/20 [Robin/goblin (2)]
   587 | D:2      | Reached skill level 7 in Ranged Weapons
   588 | D:2      | HP: 1/20 [hobgoblin[Robin] (1)]
   588 | D:2      | Slain by a hobgoblin

Levels and vault maps discovered:
D:1:      evilmike_arrival_crescent, layout_rooms,
          chequers_ecumenical_altar_grove
D:2:      layout_loops_cross, mrwooster_statue_mirror, minmay_crystal_water,
          uniq_robin

Skill      XL: |  1  2  3 |
---------------+----------+-----
Ranged Weapons | 6 7 |  7.0
Fighting       | |  1.5
Dodging        | |  2.4
Stealth        | |  1.2

Action                     || total
---------------------------++-------
   Fire: Shortbow          ||    60
    Use: Scroll            ||     2
         Potion            ||     1
 Armour: Leather armour    ||     2
         Ring mail         ||    11
  Dodge: Dodged            ||    19

Table legend:
 A = Non-vault XP
 B = Vault XP
 C = Vault XP percentage of total XP
 D = Non-vault monster count
 E = Vault monster count
 F = Vault count percentage of total count
                 A         B        C        D         E       F
            +---------+---------+-------+---------+---------+-------
      Total |      53 |      11 |  17.2 |      22 |       6 |  21.4
            +---------+---------+-------+---------+---------+-------
        D:1 |      33 |       0 |   0.0 |      19 |       0 |   0.0
        D:2 |      20 |      11 |  35.5 |       3 |       6 |  66.7
            +---------+---------+-------+---------+---------+-------
